 Dungeon Crawl Stone Soup version 0.22.0-38-g04b72b8 (webtiles) character file.

84 Starchild the Cutter (level 4, 0/25 HPs)
             Began as a Kobold Arcane Marksman on Aug 31, 2018.
             Slain by a dart slug (1 damage)
             ... on level 2 of the Dungeon.
             The game lasted 00:06:33 (1294 turns).

Starchild the Cutter (Kobold Arcane Marksman)       Turns: 1294, Time: 00:06:35

Health: 0/25       AC:  2    Str:  7    XL:     4   Next: 74%
Magic:  5/5        EV: 15    Int: 15    God:
Gold:   105        SH:  4    Dex: 15    Spells: 4/5 levels left

rFire    . . .     SeeInvis .   c - +0 dagger
rCold    . . .     Gourm    .   (shield restricted)
rNeg     . . .     Faith    .   e - +0 robe
rPois    .         Spirit   .   (no helmet)
rElec    .         Reflect  .   (no cloak)
rCorr    .         Harm     .   (no gloves)
MR       .....     Rnd*Tele +   (no boots)
Stlth    +.........             (no amulet)
HPRegen  0.08/turn              (no ring)
MPRegen  0.09/turn              (no ring)

@: lethally poisoned (0 -> -2), berserk cooldown, slowed, very slow
A: small, large bone plates 1, carnivore, teleportitis 1, sturdy frame 1
a: no special abilities


You were on level 2 of the Dungeon.
You were hungry.

You visited 1 branch of the dungeon, and saw 2 of its levels.

You collected 105 gold pieces.

Inventory:

Hand Weapons
 a - a +0 hand crossbow
 c - a +0 dagger (weapon)
Missiles
 d - 39 bolts
 g - 58 stones (quivered)
Armour
 e - a +0 robe (worn)
Scrolls
 b - 3 scrolls of identify
 i - a scroll of blinking {unknown}
 j - a scroll of teleportation {unknown}
 k - a scroll of enchant armour {unknown}
Potions
 l - a potion of mutation
Comestibles
 f - 4 rations


   Skills:
 - Level 1.1 Fighting
 + Level 5.0 Short Blades
 - Level 2.8 Crossbows
 - Level 2.4 Dodging
 - Level 1.1 Spellcasting
 - Level 3.0 Hexes


You had 4 spell levels left.
You knew the following spells:

 Your Spells              Type           Power        Failure   Level  Hunger
a - Corona                Hex            #......      7%          1    ##.....

Your spell library contained the following spells:

 Spells                   Type           Power        Failure   Level  Hunger
 Slow                     Hex            #.......     11%         2    ###....
 Inner Flame              Hex/Fire       #.......     36%         3    ####...
 Portal Projectile        Hex/Tloc       #.....       36%         3    ####...
 Cause Fear               Hex            #.........   56%         4    #####..
 Leda's Liquefaction      Hex/Erth       #.........   78%         4    #####..


Dungeon Overview and Level Annotations

Branches:
Dungeon (2/15)

Altars:
Qazlal


Innate Abilities, Weirdness & Mutations

You are small and have problems with some larger weapons.
You are carnivorous and can eat meat at any time.
You are partially covered in large bone plates. (SH +4)
You are occasionally teleported next to monsters.
Your movements are slightly less encumbered by armour. (ER -2)


Message History

* * * LOW HITPOINT WARNING * * *
The gnoll misses you.
You hit the gnoll but do no damage.
The gnoll is almost dead.
You hit the gnoll.
You kill the gnoll!
Your Short Blades skill increases to level 5!
You are no longer berserk.
You are exhausted.
You feel yourself slow down. The gnoll closely misses you.
You closely miss the gnoll.
The gnoll is lightly wounded.
The gnoll barely misses you.
It was a potion of mutation.
You feel extremely strange.
You feel weirdly uncertain.
You feel less encumbered by your armour.
Large bone plates grow over parts of your arms.
* * * LOW HITPOINT WARNING * * *
You feel sick. The gnoll hits you but does no damage. The dart slug bites you.
You die...

.###.......#########
#.#..
.....#.............#
####.#ยง.
##.###...#########.#
#....### #.#
#############.# #.###.#.
#.# #........# ##.# #...
#.#
#.#####..######.<###...
#.### #.#
#....#.........#. #...#
#.# ###......#########.
###.# #.###g@......# #.
#.# #...)w#......# #.
#.# #..##.##.....# ..
#.# #..##.###...## ##
##.######..##.......#
#..........#............
#..#######w#.##.....####
#..# #.#.##.....#
#..#######....###.###


You could see a gnoll and a dart slug.

Vanquished Creatures
  2 gnolls (D:2)
  3 adders (D:2)
  An ooze (D:1)
  A dart slug (D:2)
  3 giant cockroaches (D:1)
  4 goblins (D:1)
  3 hobgoblins
  3 bats (D:1)
  3 frilled lizards
  8 kobolds
  A quokka skeleton (D:2)
  7 rats
39 creatures vanquished.

Notes
Turn   | Place    | Note
-------+----------+-------------------------------------------
     0 | D:1      | Starchild the Kobold Arcane Marksman began the quest for the Orb.
     0 | D:1      | Reached XP level 1. HP: 12/12 MP: 2/2
   384 | D:1      | Reached skill level 1 in Short Blades
   405 | D:1      | Reached XP level 2. HP: 12/16 MP: 1/3
   532 | D:1      | Reached skill level 2 in Short Blades
   572 | D:1      | Reached XP level 3. HP: 15/20 MP: 4/4
   595 | D:1      | Reached skill level 3 in Short Blades
   927 | D:2      | Found a stormy altar of Qazlal.
  1182 | D:2      | Reached skill level 4 in Short Blades
  1182 | D:2      | Reached XP level 4. HP: 25/25 MP: 3/5
  1292 | D:2      | Reached skill level 5 in Short Blades
  1294 | D:2      | Gained mutation: You are occasionally teleported next to monsters. [potion of mutation]
  1294 | D:2      | Gained mutation: Your movements are slightly less encumbered by armour. (ER -2) [potion of mutation]
  1294 | D:2      | Gained mutation: You are partially covered in large bone plates. (SH +4) [potion of mutation]
  1294 | D:2      | HP: 1/25 [poisoned by an adder]
  1294 | D:2      | Slain by a dart slug

Skill      XL: |  1  2  3  4 |
---------------+-------------+-----
Short Blades   | 1 2 4 5 |  5.0
Fighting       | |  1.1
Crossbows      | |  2.8
Dodging        | |  2.4
Spellcasting   | |  1.1
Hexes          | |  3.0

Action                   |  1- 3 |  4- 6 || total
-------------------------+-------+-------++-------
Melee: Dagger            |   119 |    31 ||   150
       Hand crossbow     |     1 |       ||     1
 Fire: Hand crossbow     |    35 |     1 ||    36
Throw: Stone             |     2 |       ||     2
 Cast: Corona            |     6 |       ||     6
  Use: Potion            |     1 |     2 ||     3
       Scroll            |     1 |       ||     1
 Stab: Sleeping          |     1 |       ||     1
  Eat: Chunk             |       |     1 ||     1
Armor: Robe              |    23 |     1 ||    24
Dodge: Dodged            |    90 |    21 ||   111
